 Dungeon Crawl Stone Soup version 0.17.0-23-g0de4337 (console) character file.

1586 jw the Cleaver (level 8, -3/58 HPs)
             Began as an Octopode Berserker on Nov 14, 2015.
             Was an Elder of Trog.
             Slain by a killer bee zombie (6 damage)
             ... on level 6 of the Dungeon.
             The game lasted 00:15:31 (6328 turns).

jw the Cleaver (Octopode Berserker)                 Turns: 6328, Time: 00:15:32

Health: -3/58      AC:  2    Str: 18    XL:     8   Next: 92%
Magic:  7/7        EV: 13    Int:  9    God:    Trog [****..]
Gold:   279        SH:  0    Dex: 14    Spells: 0 memorised, 7 levels left

rFire  . . .     SeeInvis .     a - +1 hand axe
rCold  . . .     Rnd*Rage +     (no shield)
rNeg   + . .     SustAt   .     (helmet restricted)
rPois  .         Gourm    .     c - amulet of faith
rElec  .         Spirit   .     g - ring of positive energy
rCorr  .         Warding  .     (no ring)
rMut   .         Stasis   .     (no ring)
MR     .....                    (no ring)
Stlth  ++........               (no ring)
                                (no ring)
                                (no ring)
                                (no ring)

@: exhausted, slowed, very slow, not resistant to hostile enchantments,
unstealthy
A: almost no armour, amphibious, 8 rings, constrict 8, rugged brown scales 1,
camouflage 1, berserk 1, low mp 1, strong 1, gelatinous body 1
a: Berserk, Trog's Hand, Brothers in Arms, Burn Spellbooks, Renounce Religion


You were on level 6 of the Dungeon.
You worshipped Trog.
Trog was greatly pleased with you.
You were not hungry.

You visited 1 branch of the dungeon, and saw 6 of its levels.

You collected 279 gold pieces.

Inventory:

Hand Weapons
 a - a +1 hand axe (weapon)
Missiles
 d - 172 stones
 j - 19 poisoned needles
 k - a steel tomahawk
 l - 5 needles of confusion
 r - 4 javelins (quivered)
Jewellery
 c - an amulet of faith (around mantle)
 g - a ring of positive energy (left tentacle)
Wands
 m - a wand of cold (6)
 n - a wand of paralysis (12)
Scrolls
 e - 4 scrolls of identify
 i - 2 scrolls of remove curse
Potions
 f - 2 potions of beneficial mutation
 q - a potion of curing
Comestibles
 b - 6 bread rations
 o - 2 meat rations
 p - 3 fruits


   Skills:
 + Level 6.0 Fighting
 * Level 8.5 Axes
 + Level 5.1 Throwing
 - Level 3.0 Dodging


You had 7 spell levels left.
You didn't know any spells.

Dungeon Overview and Level Annotations

Branches:
Dungeon (6/15)             Temple (0/1) D:4

Altars:
Ashenzari
Gozag
Sif Muna
Zin

Shops:
D:4 *


Innate Abilities, Weirdness & Mutations

You cannot wear most types of armour.
You are amphibious.
You can wear up to eight rings at the same time.
You can use your tentacles to constrict eight enemies at once.
Your skin changes colour to match your surroundings (Stealth).
Your rubbery body absorbs attacks (AC +1).
You are partially covered in rugged brown scales (AC +1, +3% HP).
You tend to lose your temper in combat.
Your magical capacity is low (-10% MP).
Your muscles are strong. (Str +2)


Message History

The killer bee zombie closely misses you.
The killer bee zombie hits you.
Found 9 gold pieces.
MOVING TO (-2,1)
The killer bee zombie hits you.
The gnoll hits you from afar with a spear.
The killer bee zombie hits you.
MOVING TO (-1,1)
The killer bee zombie completely misses you.
MOVING TO (6,3)
The killer bee zombie closely misses you.
The killer bee zombie barely misses you.
The gnoll completely misses you. The killer bee zombie hits you.
The gnoll misses you.
MOVING TO (5,4)
You hit the gnoll. You grab the gnoll. You squeeze the gnoll.
The gnoll is heavily wounded.
You hit the killer bee zombie. You constrict the gnoll.
The killer bee zombie hits you.
You die...

.....###<..#...#.
..$.......?...#......
.......^.............
#..?###.........<...
...................
#.......!..#......
#...#...!###......
#..>..%......#.>
##x...))........
#.Zg....##)....<
#...............
..............%.
#..........##..#
#...........# ..
#...#.####.... .
......# .... ..... ##


You could see a gnoll and a killer bee zombie.

Table legend:
 A = Turns spent in this place as a percentage of turns spent in the entire game.
 B = Non-inter-level travel turns spent in this place as a percentage of non-inter-level travel turns spent in the entire game.
 C = Inter-level travel turns spent in this place as a percentage of turns spent in this place.
 D = Turns resting spent in this place as a percentage of non-inter-level travel turns spent in this place.
 E = Turns spent auto-exploring this place as a percentage of non-inter-level travel turns spent in this place.
 F = Non-inter-level travel turns spent in this place divided by the number of levels of this place that you've seen.
                   A       B       C       D       E      F
               +-------+-------+-------+-------+-------+----------------------
         Total | 100.0 | 100.0 |   0.6 |   1.4 |   2.9 | 1256.8
       Dungeon | 100.0 | 100.0 |   0.6 |   1.4 |   2.9 | 1256.8
               +-------+-------+-------+-------+-------+----------------------

Table legend:
 A = Kills in this place as a percentage of kills in entire the game.
 B = Kills by you in this place as a percentage of kills by you in the entire game.
 C = Kills by friends in this place as a percentage of kills by friends in the entire game.
 D = Other kills in this place as a percentage of other kills in the entire game.
 E = Experience gained in this place as a percentage of experience gained in the entire game.
 F = Experience gained in this place divided by the number of levels of this place that you have seen.
                   A       B       C       D       E      F
               +-------+-------+-------+-------+-------+----------------------
         Total | 100.0 | 100.0 |  -nan |  -nan | 100.0 | 377.7
       Dungeon | 100.0 | 100.0 |  -nan |  -nan | 100.0 | 377.7
               +-------+-------+-------+-------+-------+----------------------

Vanquished Creatures
  Grinder (D:6)
  Sigmund (D:2)
  The ghost of EternalSandwich the Shield-Bearer, an amateur GrFi of Ashenzari (D:4)
  2 phantoms
  2 centaurs (D:5)
  An ice beast (D:5)
  2 ogres (D:4)
  A giant frog (D:5)
  A gnoll shaman (D:5)
  A hound (D:5)
  An orc priest (D:4)
  A worker ant (D:5)
  2 orc wizards
  Natasha (thrice) (D:2)
  A hound zombie (D:5)
  5 gnolls
  8 adders
  An ooze (D:3)
  3 worms
  3 giant geckos
  18 orcs
  3 ball pythons
  3 giant cockroaches
  6 goblins
  9 hobgoblins
  8 jackals
  7 kobolds
  A ball python skeleton (D:4)
  8 bats
  6 giant newts
  4 quokkas
  11 rats
125 creatures vanquished.

Notes
Turn   | Place    | Note
--------------------------------------------------------------
     0 | D:1      | jw the Octopode Berserker began the quest for the Orb.
     0 | D:1      | Reached XP level 1. HP: 16/16 MP: 1/1
   208 | D:1      | Reached skill level 1 in Throwing
   295 | D:1      | Reached XP level 2. HP: 21/21 MP: 2/2
   672 | D:1      | Reached ** piety under Trog
   759 | D:1      | Reached XP level 3. HP: 26/26 MP: 3/3
   765 | D:1      | Gained mutation: You are partially covered in rugged brown scales (AC +1, +3% HP). [potion of beneficial mutation]
   838 | D:2      | Noticed Natasha
   844 | D:2      | Killed Natasha
   844 | D:2      | Reached skill level 4 in Axes
   855 | D:2      | Noticed Natasha
  1006 | D:2      | Reached XP level 4. HP: 31/31 MP: 4/4
  1048 | D:2      | Noticed Sigmund
  1059 | D:2      | Killed Sigmund
  1059 | D:2      | Reached skill level 5 in Axes
  1059 | D:2      | Reached XP level 5. HP: 25/38 MP: 5/5
  1059 | D:2      | Reached XP level 6. HP: 28/44 MP: 6/6
  1268 | D:2      | Killed Natasha
  1292 | D:2      | Noticed Natasha
  1299 | D:2      | Killed Natasha
  1587 | D:2      | Found a shattered altar of Ashenzari.
  1702 | D:2      | Found an opulent altar of Gozag.
  1707 | D:2      | Found a deep blue altar of Sif Muna.
  1709 | D:2      | Gained mutation: You tend to lose your temper in combat. [potion of mutation]
  1709 | D:2      | Gained mutation: Your muscles are strong. (Str +2) [potion of mutation]
  1709 | D:2      | Gained mutation: Your magical capacity is low (-10% MP). [potion of mutation]
  1886 | D:3      | Reached *** piety under Trog
  1899 | D:3      | Found a faded altar to an unknown god.
  3259 | D:4      | Received a gift from Trog
  3273 | D:4      | Found a staircase to the Ecumenical Temple.
  3370 | D:4      | Reached XP level 7. HP: 41/50 MP: 6/6
  3378 | D:4      | Reached skill level 6 in Axes
  3670 | D:4      | Noticed EternalSandwich's ghost (amateur GrFi)
  3685 | D:4      | Killed EternalSandwich's ghost
  4049 | D:4      | Reached skill level 5 in Fighting
  4285 | D:4      | Found Vaugisid's General Store.
  4378 | D:5      | Entered Level 5 of the Dungeon
  4395 | D:5      | Reached **** piety under Trog
  4610 | D:5      | Reached skill level 7 in Axes
  4610 | D:5      | Reached XP level 8. HP: 37/56 MP: 7/7
  5554 | D:5      | Found a glowing silver altar of Zin.
  5780 | D:5      | Reached skill level 8 in Axes
  6306 | D:6      | Noticed Grinder
  6312 | D:6      | Killed Grinder
  6312 | D:6      | Reached skill level 5 in Throwing
  6328 | D:6      | Slain by a killer bee zombie

Action                   |  1- 3 |  4- 6 |  7- 9 || total
-------------------------+-------+-------+-------++-------
Melee: Hand axe          |    40 |    67 |   118 ||   225
Throw: Stone             |     6 |    17 |    41 ||    64
       Tomahawk          |    21 |    42 |    17 ||    80
       Javelin           |       |       |    26 ||    26
Invok: Trog's Hand       |       |     1 |       ||     1
       Berserk           |       |     1 |     3 ||     4
  Use: Potion            |     4 |     4 |     1 ||     9
       Scroll            |     1 |     5 |     5 ||    11
 Stab: Sleeping          |     5 |     5 |     4 ||    14
  Eat: Chunk             |       |     9 |    10 ||    19
       Bread ration      |       |       |     1 ||     1

Vault maps used:
D:1:      dpeg_arrival_stone_temple_mockup, serial_park_tiny_2
D:2:      grunt_temple_overflow_diamond, uniq_sigmund, uniq_natasha
D:3:      ecumenical_altar_1
D:4:      minmay_temple_entry_large_hall, serial_shops, shop
D:5:      lemuel_upstairs_altar, lemuel_doored_altar, first_bread, st_stairs_4
D:6:      minmay_ruffians, uniq_duvessa, uniq_grinder, uniq_pikel,
          uniq_prince_ribbit1
